 Dungeon Crawl Stone Soup version 0.16.0-17-g811c1d7 (webtiles) character file.

109 valak23 the Caller (level 4, 0/24 HPs)
             Began as a Tengu Summoner on Mar 21, 2015.
             Was a Follower of Dithmenos.
             Slain by an adder (1 damage)
             ... on level 3 of the Dungeon.
             The game lasted 00:16:02 (2999 turns).

valak23 the Caller (Tengu Summoner)                 Turns: 2999, Time: 00:16:02

Health: 0/24       AC:  3    Str:  9    XL:     4   Next: 89%
Magic:  9/9        EV: 13    Int: 16    God:    Dithmenos [*.....]
Gold:   159        SH:  0    Dex: 14    Spells: 2 memorised, 3 levels left

rFire  . . .     SeeInvis +     l - +0 war axe
rCold  . . .     Clarity  .     a - +0 robe
rNeg   . . .     SustAb   .     (no shield)
rPois  .         Gourm    .     (helmet restricted)
rElec  .         Spirit   .     (no cloak)
rCorr  .         Warding  .     (no gloves)
rMut   .         Stasis   .     (boots unavailable)
MR     .....                    (no amulet)
Stlth  +++.......               c - ring of see invisible
                                d - +1 ring of protection

@: wreathed by umbra, not resistant to hostile enchantments, fairly stealthy
A: beak, talons 3
a: Renounce Religion


You were on level 3 of the Dungeon.
You worshipped Dithmenos.
Dithmenos was aware of your devotion.
You were not hungry.

You visited 1 branch of the dungeon, and saw 4 of its levels.

You collected 159 gold pieces.

Inventory:

Hand weapons
 l - a +0 war axe (weapon)
 x - a cursed -3 short sword
Armour
 a - a +0 robe (worn)
 k - a +0 plate armour
Jewellery
 c - a ring of see invisible (right hand)
 d - a +1 ring of protection (left hand)
Scrolls
 f - 3 scrolls of identify
 g - a scroll of teleportation {unknown}
 h - 2 scrolls of magic mapping {unknown}
 j - a scroll of enchant weapon {unknown}
 m - 2 scrolls of fear {unknown}
 r - a scroll of fog {unknown}
 s - a scroll of amnesia {unknown}
 t - a scroll of enchant armour {unknown}
 w - a scroll of noise {unknown}
Potions
 e - a potion of lignification
 i - a potion of heal wounds {unknown}
 n - a potion of invisibility {unknown}
 p - a potion of curing {unknown}
Books
 b - a book of Callings

   Spells                             Type                      Level
   a - Summon Small Mammal            Summoning                    1
   b - Call Imp                       Summoning                    2
   c - Call Canine Familiar           Summoning                    3
   d - Summon Guardian Golem          Hexes/Summoning              4
   e - Summon Lightning Spire         Summoning/Air                4
   f - Summon Ice Beast               Ice/Summoning                4
 v - a book of the Dragon

   Spells                             Type                      Level
   a - Flight                         Charms/Air                   3
   b - Cause Fear                     Hexes                        4
   c - Bolt of Fire                   Conjuration/Fire             6
   d - Dragon Form                    Transmutation                7
   e - Dragon's Call                  Summoning                    9
Comestibles
 o - a beef jerky
 q - a royal jelly
 u - 2 bread rations
 z - a slice of pizza


   Skills:
 + Level 0.6 Fighting
 + Level 0.2 Axes
 + Level 3.1 Dodging
 + Level 2.8 Stealth
 + Level 2.7 Spellcasting
 + Level 5.6 Summonings


You had 3 spell levels left.
You knew the following spells:

 Your Spells              Type           Power        Failure   Level  Hunger
a - Summon Small Mammal   Summ           ###.         1%          1    #......
b - Summon Guardian Gole  Hex/Summ       ##......     63%         4    #####..


Dungeon Overview and Level Annotations

Branches:
Dungeon (4/15)
 Temple: D:4-7

Altars:
Ashenzari
Cheibriados
Dithmenos
Elyvilon
Trog
Yredelemnul


Innate Abilities, Weirdness & Mutations

You have a beak for a mouth.
You have claws for feet.


Message History

The adder bites you. The orc wizard hits you with a dagger.
The adder closely misses you. The orc wizard hits you with a dagger.
You closely miss the adder.
The adder is severely wounded.
You barely miss the orc wizard.
The orc wizard is moderately wounded.
The adder bites you.
* * * LOW HITPOINT WARNING * * *
The orc wizard hits you with a dagger.
* * * LOW HITPOINT WARNING * * *
The adder closely misses you.
You hit the orc wizard!
You peck the orc wizard, but do no damage.
The orc wizard is almost dead.
You barely miss the adder.
The adder is severely wounded.
The adder bites you.
* * * LOW HITPOINT WARNING * * *
The orc wizard closely misses you. The adder bites you.
You die...

#.......#..# #.#
#########..#######.#
#.....)....#
#####.##.#####.#
...#.##.#####.#####
###.#.##.#......).[#
#..........###.###)##
#.#.#....#.# #.#.....
#....o@....#####.#.#.##
...!..##S..#>......#.#.##
### ##.########.....##
#.# #.#.#### #.# #.#.....
#+# #.###### #.# #.# #..


You could see an orc wizard and an adder.

Vanquished Creatures
  Robin (D:3)
  4 adders
  2 giant geckos
  An ooze (D:2)
  4 orcs (D:3)
  8 bats
  A giant cockroach (D:3)
  7 hobgoblins
  3 kobolds
  2 ball pythons
  2 giant newts
  11 goblins
  4 jackals
  5 rats
55 creatures vanquished.

Vanquished Creatures (collateral kills)
  A giant gecko (D:1)
  3 giant cockroaches (D:1)
  2 hobgoblins (D:1)
  A kobold (D:1)
7 creatures vanquished.

Vanquished Creatures (others)
  A bat (D:1)
  A rat (D:1)
2 creatures vanquished.

Grand Total: 64 creatures vanquished

Notes
Turn   | Place    | Note
--------------------------------------------------------------
     0 | D:1      | valak23, the Tengu Summoner, began the quest for the Orb.
     0 | D:1      | Reached XP level 1. HP: 10/10 MP: 3/3
   303 | D:1      | Reached skill level 5 in Summonings
   603 | D:1      | Reached XP level 2. HP: 4/15 MP: 1/5
  1396 | D:2      | Reached XP level 3. HP: 17/19 MP: 5/7
  1471 | D:2      | Found a shadowy altar of Dithmenos.
  1481 | D:2      | Became a worshipper of Dithmenos the Shadowed
  1625 | D:2      | Found a bloodstained altar of Trog.
  1626 | D:2      | Found a basalt altar of Yredelemnul.
  1628 | D:2      | Found a snail-covered altar of Cheibriados.
  2368 | D:2      | Found a shattered altar of Ashenzari.
  2501 | D:3      | Reached XP level 4. HP: 18/24 MP: 9/9
  2507 | D:3      | Learned a level 4 spell: Summon Guardian Golem
  2841 | D:3      | Found a white marble altar of Elyvilon.
  2922 | D:3      | Noticed Robin
  2942 | D:3      | Killed Robin
  2973 | D:4      | Noticed an ogre
  2999 | D:3      | HP: 1/24 [adder (3)]
  2999 | D:3      | Slain by an adder

Action                   |  1- 3 |  4- 6 || total
-------------------------+-------+-------++-------
Melee: Unarmed           |    32 |       ||    32
       War axe           |    60 |    57 ||   117
 Cast: Summon Small Mamm |    16 |     6 ||    22
  Use: Scroll            |     1 |       ||     1
       Potion            |     1 |       ||     1
 Stab: Sleeping          |     2 |     3 ||     5
       Distracted        |       |     1 ||     1
  Eat: Bread ration      |     1 |       ||     1
       Meat ration       |     1 |       ||     1
